 Dungeon Crawl Stone Soup version 0.18.1-8-gdd0e5ea (webtiles) character file.

350 Jerry the Shield-Bearer (level 6, -6/47 HPs)
             Began as a Demonspawn Fighter on May 23, 2016.
             Killed from afar by Etesian's ghost (13 damage)
             ... with a shard of ice
             ... on level 4 of the Dungeon.
             The game lasted 00:09:51 (3440 turns).

Jerry the Shield-Bearer (Demonspawn Fighter)        Turns: 3440, Time: 00:09:52

Health: -6/47      AC: 11    Str: 23    XL:     6   Next: 33%
Magic:  6/6        EV:  8    Int:  9    God:
Gold:   94         SH: 10    Dex: 13    Spells: 0 memorised, 5 levels left

rFire  . . .     SeeInvis .     a - +0 flail
rCold  . . .     Gourm    .     b - +0 scale mail
rNeg   . . .     Faith    .     c - +0 shield
rPois  .         Spirit   .     n - +0 helmet
rElec  .         Dismiss  .     (no cloak)
rCorr  .         Reflect  .     h - +2 pair of gloves
SustAt .         Harm     .     (no boots)
MR     .....                    (no amulet)
Stlth  ..........               (no ring)
                                (no ring)

@: mighty, not resistant to hostile enchantments, extremely unstealthy
A: hooves 1, foul stench 1, rot immunity, sturdy frame 1
a: no special abilities


You were on level 4 of the Dungeon.
You were not hungry.

You visited 1 branch of the dungeon, and saw 4 of its levels.

You collected 94 gold pieces.

Inventory:

Hand Weapons
 a - a +0 flail (weapon)
Armour
 b - a +0 scale mail (worn)
 c - a +0 shield (worn)
 h - a +2 pair of gloves (worn)
 n - a +0 helmet (worn)
Wands
 q - a wand of confusion (27/48)
 s - a wand of iceblast (4/15)
Scrolls
 g - 3 scrolls of remove curse
 i - a scroll of magic mapping {unknown}
 j - 3 scrolls of teleportation {unknown}
 k - 2 scrolls of noise {unknown}
 m - 2 scrolls of immolation {unknown}
 o - 6 scrolls of identify {unknown}
Potions
 e - a potion of cure mutation {unknown}
 l - 2 potions of flight
 p - a potion of curing {unknown}
 u - 2 potions of invisibility {unknown}
Comestibles
 f - 2 bread rations
 r - 4 meat rations


   Skills:
 - Level 3.6 Fighting
 + Level 3.7 Maces & Flails
 + Level 3.9 Armour
 - Level 1.1 Dodging
 + Level 4.1 Shields


You had 5 spell levels left.
You didn't know any spells.

Dungeon Overview and Level Annotations

Branches:
Dungeon (4/15)
 Temple: D:4-7

Altars:
Makhleb

Annotations:
D:4 Etesian's ghost, amateur DEIE


Innate Abilities, Weirdness & Mutations

You have large cloven feet.
You may emit foul miasma when damaged in melee.
You are immune to rotting.
Your movements are slightly less encumbered by armour (ER -2).


Message History

Etesian's ghost whispers, "Meet the emptiness of death!"
You closely miss Etesian's ghost. Etesian's ghost casts a spell at you.
You are frozen.
You block Etesian's ghost's attack.
You hit Etesian's ghost but do no damage.
You kick Etesian's ghost, but do no damage.
Etesian's ghost gestures at you while chanting.
The shard of ice hits you!
* * * LOW HITPOINT WARNING * * *
Drink which item? (? for menu, Esc to quit)
You feel very mighty all of a sudden.
Etesian's ghost points at you and mumbles some strange words.
You block the shard of ice.
You completely miss Etesian's ghost. Etesian's ghost casts a spell at you.
You are frozen.
* * * LOW HITPOINT WARNING * * *
Etesian's ghost casts a spell at you. The shard of ice hits you!
You die...

#.#. ..... ..
#.#.###.#.#.
#.#...S..!.# .##
#........... ...
#.##.......# .##
#........... #
#W##.......#
#######.##>......#
#
#......@##.......#
#
#.#####...........
. # #.#
#.#####.#### #
#.########.#####.#
.#
#........(.....#.#
#
#.........###.#..
#.##..###.# ###
#..# #.# ##..# #..


You could see Etesian's ghost.

Vanquished Creatures
  A phantom (D:4)
  A hound (D:2)
  Natasha (thrice) (D:2)
  6 adders
  3 worms
  2 dart slugs
  2 giant geckos
  3 orcs
  A ball python (D:3)
  4 bats
  2 giant cockroaches
  12 hobgoblins
  10 jackals
  7 kobolds
  2 quokkas
  9 giant newts
  13 goblins
  9 rats
90 creatures vanquished.

Notes
Turn   | Place    | Note
--------------------------------------------------------------
     0 | D:1      | Jerry the Demonspawn Fighter began the quest for the Orb.
     0 | D:1      | Reached XP level 1. HP: 18/18 MP: 1/1
   145 | D:1      | Gained mutation: You are immune to rotting. [demonic ancestry]
   145 | D:1      | Reached XP level 2. HP: 11/24 MP: 2/2
   584 | D:1      | Gained mutation: You may emit foul miasma when damaged in melee. [demonic ancestry]
   584 | D:1      | Reached XP level 3. HP: 28/29 MP: 3/3
   724 | D:1      | Reached skill level 3 in Shields
   971 | D:2      | Found a burning altar of Makhleb.
   978 | D:2      | Reached skill level 1 in Dodging
   978 | D:2      | Gained mutation: Your movements are slightly less encumbered by armour (ER -2). [demonic ancestry]
   978 | D:2      | Reached XP level 4. HP: 32/36 MP: 4/4
  1121 | D:2      | Noticed Natasha
  1136 | D:2      | Killed Natasha
  1288 | D:2      | Noticed Natasha
  1574 | D:2      | Killed Natasha
  1586 | D:2      | Gained mutation: You have large cloven feet. [demonic ancestry]
  1586 | D:2      | Reached XP level 5. HP: 22/41 MP: 5/5
  1879 | D:2      | Noticed Natasha
  2158 | D:2      | Killed Natasha
  3216 | D:4      | Noticed a phantom
  3252 | D:4      | Killed a phantom
  3252 | D:4      | Reached skill level 4 in Shields
  3252 | D:4      | Reached XP level 6. HP: 24/47 MP: 6/6
  3423 | D:4      | Noticed Etesian's ghost (amateur DEIE)
  3440 | D:4      | Killed from afar by Etesian's ghost

Skill      XL: |  1  2  3  4  5 |
---------------+----------------+-----
Armour         | 3 |  3.9
Maces & Flails | 2 3 |  3.7
Shields        | 3 4 |  4.1
Dodging        | 1 |  1.1
Fighting       | |  3.6

Action                   |  1- 3 |  4- 6 || total
-------------------------+-------+-------++-------
Melee: Flail             |   123 |   250 ||   373
       Kick              |       |    40 ||    40
  Use: Potion            |     1 |     4 ||     5
       Scroll            |       |     2 ||     2
  Eat: Chunk             |       |     9 ||     9
Armor: Scale mail        |    48 |   111 ||   159
       Chain mail        |       |     1 ||     1
Dodge: Dodged            |    29 |    73 ||   102
Block: Shield            |    65 |   138 ||   203
